 Dungeon Crawl Stone Soup version 0.30-a0-860-g512cf1e979 (webtiles) character file.

Game seed: 2862191758834806376

1457 Datul the Magus (level 8, 0/56 HPs)
             Began as a Demonspawn Warper on Mar 7, 2023.
             Was an Elder of Nemelex Xobeh.
             Slain by a jelly (1 damage)
             ... on level 6 of the Dungeon.
             The game lasted 00:15:11 (4384 turns).

Datul the Magus (Demonspawn Warper)                 Turns: 4384, Time: 00:15:12

Health: 0/56       AC: -8    Str: 13 (14) XL:     8   Next: 47%
Magic:  12/14      EV: 10    Int: 14 (15) God:    Nemelex Xobeh [****..]
Gold:   315        SH:  6    Dex: 12      Spells: 5/11 levels left

rFire   . . .      SeeInvis .    D - +1 war axe (flame)
rCold   . . .      Faith    .    n - +0 kite shield
rNeg    + . .      Spirit   .    E - +0 steam dragon scales
rPois   .          Reflect  .    (helmet restricted)
rElec   .          Rampage  .    (no cloak)
rCorr   +                        y - +0 pair of gloves
Will    .....                    e - +0 pair of boots
Stlth   +                        (no amulet)
HPRegen 0.29/turn                x - ring of positive energy
MPRegen 0.28/turn                v - ring of resist corrosion

@: corroded, studying Translocations
A: antennae 1, magic regeneration, demonic magic 3
a: Renounce Religion, Draw Escape, Draw Destruction, Draw Summoning, Triple
Draw, Deal Four


You were on level 6 of the Dungeon.
You worshipped Nemelex Xobeh.
Nemelex Xobeh was greatly pleased with you.
You visited 1 branch of the dungeon, and saw 6 of its levels.

You collected 315 gold pieces.

Inventory:

Hand Weapons
 a - a +0 mace
 i - a +0 vampiric dagger
 l - a +0 heavy quarterstaff
 D - a +1 war axe of flaming (weapon)
 I - the +10 long sword "Transmigrator" {heavy, rF- rC++ Str+3}
   (You found it on level 5 of the Dungeon)

   Str:       It affects your strength (+3).
   rF:        It makes you vulnerable to fire.
   rC:        It greatly protects you from cold.
Missiles
 d - 7 boomerangs of dispersal
 k - 5 poisoned darts (quivered)
 H - a boomerang
Armour
 b - a +0 leather armour
 e - a +0 pair of boots (worn)
 n - a +0 kite shield (worn)
 y - a +0 pair of gloves (worn)
 E - +0 steam dragon scales (worn)
Jewellery
 v - a ring of resist corrosion (right hand)
 x - a ring of positive energy (left hand)
Wands
 h - a wand of acid (1)
 K - a wand of charming (5)
Scrolls
 c - 2 scrolls of blinking
 f - 6 scrolls of identify {unknown}
 g - 3 scrolls of noise {unknown}
 m - a scroll of summoning {unknown}
 o - 2 scrolls of vulnerability {unknown}
 p - 2 scrolls of enchant weapon {unknown}
 s - 3 scrolls of teleportation {unknown}
 w - a scroll of magic mapping {unknown}
 C - a scroll of immolation {unknown}
 F - a scroll of poison {unknown}
 G - 2 scrolls of fog {unknown}
Potions
 j - 2 potions of heal wounds {unknown}
 q - 2 potions of attraction {unknown}
 r - 2 potions of flight {unknown}
 t - a potion of magic
 u - a potion of degeneration
 z - a potion of mutation {unknown}
 A - 2 potions of brilliance {unknown}
 B - a potion of berserk rage {unknown}
 J - a potion of invisibility


   Skills:
 - Level 2.0 Fighting
 + Level 2.9(5.0) Axes
 - Level 6.3(6.6) Maces & Flails
 - Level 1.0 Throwing
 - Level 0.9 Armour
 - Level 1.8 Dodging
 - Level 2.0 Spellcasting
 + Level 4.0 Translocations
 + Level 8.9 Invocations


You had 5 spell levels left.
You knew the following spells:

 Your Spells              Type           Power      Damage    Failure   Level
a - Blink                 Tloc           24%        N/A       26%         2
b - Manifold Assault      Tloc           12%        N/A       86%         4

Your spell library contained the following spells:

 Spells                   Type           Power      Damage    Failure   Level
 Lesser Beckoning         Tloc           24%        N/A       26%         2
 Teleport Other           Tloc           12%        N/A       45%         3
 Shock                    Conj/Air       4%         1d3       65%         1
 Vhi's Electric Charge    Tloc/Air       14%        N/A       75%         3


Dungeon Overview and Level Annotations

Branches:
Dungeon (6/15) Zot: 24780  Temple (0/1) D:4

Altars:
Dithmenos
Fedhas
Gozag
Hepliaklqana
Kikubaaqudgha
Nemelex Xobeh


Innate Abilities, Weirdness & Mutations

You have a pair of small antennae on your head.
You regenerate magic rapidly.
Spells you cast and wands you use may paralyse nearby enemies.


Message History

You take 4 damage, and have 21/56 hp.
You hit the jelly. You burn the jelly.
Your hands burn!
* * * LOW HITPOINT WARNING * * *
The jelly is severely wounded.
The jelly hits you.
* * * LOW HITPOINT WARNING * * *
The acid corrodes you!
You are splashed with acid.
You resist.
* * * LOW HITPOINT WARNING * * *
You take 5 damage, and have 16/56 hp.
You barely miss the jelly.
The jelly is severely wounded.
The jelly closely misses you. The jelly barely misses you.
You hit the jelly but do no damage.
Your hands burn!
* * * LOW HITPOINT WARNING * * *
The jelly is severely wounded.
You block the jelly's attack.
You take 2 damage, and have 15/56 hp.
You hit the jelly but do no damage.
Your hands burn!
* * * LOW HITPOINT WARNING * * *
The jelly is severely wounded.
The jelly hits you.
* * * LOW HITPOINT WARNING * * *
You are splashed with acid.
You resist.
* * * LOW HITPOINT WARNING * * *
You take 4 damage, and have 11/56 hp.
You hit the jelly but do no damage.
Your hands burn!
* * * LOW HITPOINT WARNING * * *
The jelly is severely wounded.
The jelly hits you.
* * * LOW HITPOINT WARNING * * *
The acid corrodes you!
You are splashed with acid.
You resist.
* * * LOW HITPOINT WARNING * * *
You block the jelly's attack.
You take 8 damage, and have 3/56 hp.
You hit the jelly but do no damage.
Your hands burn!
* * * LOW HITPOINT WARNING * * *
The jelly is severely wounded.
The jelly hits you.
You die...
Your body disappears without a glow.

####.# ...### #.# #.#
#.# #.# #.# #.##### #.#
#..... ###.# #....
##.#.# #..##
#....##########...####..
<.............).@J...'..
#...##.########)).####..
##.###.# #..## ######.#
..... .......# .......#
#####..# ###.##..# #
###..# ..# ..# # #....#
... ..# # #.#.## ... ##


You could see a jelly.

Vanquished Creatures
  Sigmund (D:3)
  Menkaure (D:6)
  An ogre (D:4)
  A phantom (D:4)
  2 scorpions
  A howler monkey (D:6)
  A jelly (D:6)
  2 orc priests (D:6)
  A hound (D:6)
  3 sleepcaps
  4 iguanas
  Terence (D:3)
  4 adders
  2 white imps (D:6)
  A worm (D:4)
  2 dart slugs
  12 orcs
  7 ball pythons
  8 bats
  7 endoplasms
  3 giant cockroaches
  13 goblins
  6 hobgoblins
  6 jackals
  3 quokkas
  4 frilled lizards
  5 kobolds
  7 rats
109 creatures vanquished.

Vanquished Creatures (collateral kills)
  Maggie (D:6)
  An ogre (D:5)
  An adder (D:5)
  An orc (D:5)
4 creatures vanquished.

Grand Total: 113 creatures vanquished

Notes
Turn   | Place    | Note
-------+----------+-------------------------------------------
     0 | D:1      | Datul the Demonspawn Warper began the quest for the Orb.
     0 | D:1      | Reached XP level 1. HP: 16/16 MP: 3/3
    47 | D:1      | Reached skill level 1 in Throwing
   133 | D:1      | Gained mutation: Spells you cast may paralyse adjacent
                  | enemies. [demonic ancestry]
   133 | D:1      | Reached XP level 2. HP: 22/22 MP: 5/5
   225 | D:1      | Found a faded altar of an unknown god.
   229 | D:1      | Got Plato's Cyclopedia of Austromancy
   230 | D:1      | Prayed at the altar of an unknown god.
   230 | D:1      | Became a worshipper of Nemelex Xobeh the Trickster
   230 | D:1      | Reached * piety under Nemelex Xobeh
   230 | D:1      | Received a gift from Nemelex Xobeh
   477 | D:1      | Gained mutation: Spells you cast may paralyse nearby
                  | enemies. [demonic ancestry]
   477 | D:1      | Reached XP level 3. HP: 24/27 MP: 6/6
   887 | D:2      | Received a gift from Nemelex Xobeh
   941 | D:2      | Reached ** piety under Nemelex Xobeh
  1094 | D:2      | Reached skill level 1 in Invocations
  1109 | D:2      | Gained mutation: Spells you cast and wands you use may
                  | paralyse nearby enemies. [demonic ancestry]
  1109 | D:2      | Reached XP level 4. HP: 33/33 MP: 7/7
  1301 | D:2      | Received a gift from Nemelex Xobeh
  1522 | D:3      | Noticed Sigmund
  1529 | D:3      | Killed Sigmund
  1530 | D:3      | Reached skill level 4 in Invocations
  1530 | D:3      | Gained mutation: You have a pair of small antennae on your
                  | head. [demonic ancestry]
  1530 | D:3      | Reached XP level 5. HP: 29/38 MP: 8/8
  1756 | D:3      | Noticed Terence
  1765 | D:3      | Killed Terence
  1766 | D:3      | Gained mutation: You regenerate magic rapidly. [demonic
                  | ancestry]
  1766 | D:3      | Reached XP level 6. HP: 36/44 MP: 9/9
  2110 | D:4      | Found a staircase to the Ecumenical Temple.
  2171 | D:4      | Found a blossoming altar of Fedhas.
  2204 | D:4      | You fall into a shaft and drop 2 floors!
  2218 | D:6      | Noticed Menkaure
  2225 | D:6      | Killed Menkaure
  2226 | D:6      | Reached skill level 5 in Maces & Flails
  2226 | D:6      | Reached skill level 5 in Invocations
  2230 | D:5      | Entered Level 5 of the Dungeon
  2253 | D:5      | Identified the +2 long sword of the Reaper {holy, +Blink
                  | MP+9}
  2258 | D:5      | Reached skill level 6 in Invocations
  2258 | D:5      | Reached XP level 7. HP: 12/50 MP: 11/11
  2435 | D:6      | Noticed Maggie
  2451 | D:6      | Killed Maggie
  2452 | D:6      | Reached skill level 7 in Invocations
  2487 | D:6      | Reached *** piety under Nemelex Xobeh
  2595 | D:5      | Received a gift from Nemelex Xobeh
  2613 | D:5      | Reached skill level 1 in Axes
  2852 | D:4      | Found a hazy altar of Hepliaklqana.
  2872 | D:4      | Reached XP level 8. HP: 38/56 MP: 13/13
  2874 | D:4      | Found an ancient bone altar of Kikubaaqudgha.
  2874 | D:4      | Found an opulent altar of Gozag.
  2885 | D:4      | Reached skill level 8 in Invocations
  3094 | D:5      | Received a gift from Nemelex Xobeh
  3100 | D:5      | Found a shadowy altar of Dithmenos.
  3307 | D:5      | Identified the +10 long sword "Transmigrator" {heavy, rF-
                  | rC++ Str+3}
  3351 | D:5      | Reached **** piety under Nemelex Xobeh
  3351 | D:5      | Received a gift from Nemelex Xobeh
  3924 | D:6      | Learned a level 2 spell: Blink
  3929 | D:6      | Learned a level 4 spell: Manifold Assault
  4293 | D:6      | Received a gift from Nemelex Xobeh
  4384 | D:6      | HP: 1/56 [acid (2)]
  4384 | D:6      | Slain by a jelly

Illustrated notes

Levels and vault maps discovered:
D:1:      minmay_arrival_shattered_statue, layout_basic,
          shapermc_ecumenical_altar_rom_forum, minmay_tetromino_t2
D:2:      layout_loops_ring
D:3:      layout_rooms, uniq_terence, uniq_sigmund
D:4:      layout_basic, grunt_temple_overflow_open,
          minmay_temple_entry_sparse_star
D:5:      layout_cave_pools, old_standard_altar, minmay_manual_mess
D:6:      layout_loops_corners, uniq_menkaure, uniq_maggie

Skill      XL: |  1  2  3  4  5  6  7  8 |
---------------+-------------------------+-----
Throwing       | 1 |  1.0
Maces & Flails | 2 3 4 5 6 |  6.3
Invocations    | 1 4 6 7 8 |  8.9
Axes           | 1 2 |  2.9
Translocations | 4 |  4.0
Fighting       | |  2.0
Armour         | |  0.9
Dodging        | |  1.8
Spellcasting   | |  2.0

Action                     |  1- 3 |  4- 6 |  7- 9 || total
---------------------------+-------+-------+-------++-------
  Melee: Mace              |   139 |   132 |    20 ||   291
         Quarterstaff      |     5 |       |       ||     5
         War axe           |       |       |   114 ||   114
  Throw: Dart              |     5 |       |    12 ||    17
 Invoke: Draw Destruction  |       |    13 |       ||    13
         Draw Escape       |       |     3 |     1 ||     4
         Draw Summoning    |       |     1 |     2 ||     3
         Deal Four         |       |       |     1 ||     1
    Use: Potion            |       |     1 |     4 ||     5
 Armour: Leather armour    |    61 |    64 |     2 ||   127
         Steam dragon scal |       |       |    60 ||    60
  Dodge: Dodged            |    90 |    94 |    50 ||   234
  Block: Kite shield       |    30 |    66 |    48 ||   144

Table legend: (Time is in decaauts)
 A = Elapsed time spent in this place.
 B = Non-inter-level travel time spent in this place.
 C = Inter-level travel time spent in this place.
 D = Time resting spent in this place.
 E = Time spent auto-exploring this place.
 F = Levels seen in this place.
 G = Mean time per level.
                   A        B        C        D        E       F      G
               +--------+--------+--------+--------+--------+-----+--------+
         Total |   4545 |   4438 |    107 |    771 |   2520 |   6 |  757.5 |
       Dungeon |   4545 |   4438 |    107 |    771 |   2520 |   6 |  757.5 |
               +--------+--------+--------+--------+--------+-----+--------+

Top non-repeatable levels by time:
     D:6: 1173 daAuts
     D:2: 875 daAuts
     D:1: 651 daAuts
     D:4: 634 daAuts
     D:5: 616 daAuts
     D:3: 594 daAuts
